 Dungeon Crawl Stone Soup version 0.23-a0-416-g33f1def (webtiles) character file.

95 GizzardofKazz the Conjurer (level 4, -11/24 HPs)
             Began as a Deep Elf Conjurer on Nov 10, 2018.
             Killed by divine providence
             ... invoked by an orc priest
              (14 damage)
             ... on level 3 of the Dungeon.
             The game lasted 00:06:16 (2034 turns).

GizzardofKazz the Conjurer (Deep Elf Conjurer)      Turns: 2034, Time: 00:06:17

Health: -11/24     AC:  4    Str:  5    XL:     4   Next: 40%
Magic:  1/13       EV: 13    Int: 21    God:
Gold:   134        SH:  0    Dex: 15    Spells: 7/13 levels left

rFire    . . .     SeeInvis .   d - +0 club
rCold    . . .     Gourm    .   (no shield)
rNeg     . . .     Faith    .   a - +0 robe
rPois    .         Spirit   .   (no helmet)
rElec    .         Reflect  .   j - +0 cloak (curse)
rCorr    .         Harm     .   (no gloves)
MR       .....                  i - +0 pair of boots
Stlth    ++........             r - amulet of the acrobat
HPRegen  0.08/turn              o - ring of flight (curse)
MPRegen  0.13/turn              (no ring)

@: slowed, very slow
A: no striking features
a: Evoke Flight


You were on level 3 of the Dungeon.
You were not hungry.

You visited 1 branch of the dungeon, and saw 3 of its levels.

You collected 134 gold pieces.

Inventory:

Hand Weapons
 d - a +0 club (weapon)
Armour
 a - a +0 robe (worn)
 i - a +0 pair of boots (worn)
 j - a cursed +0 cloak (worn)
Jewellery
 o - a cursed ring of flight (left hand)
 r - an amulet of the acrobat (around neck)
Scrolls
 b - a scroll of magic mapping {unknown}
 g - 4 scrolls of teleportation
 k - a scroll of fog
 l - a scroll of amnesia {unknown}
 m - a scroll of immolation
 n - a scroll of enchant armour {unknown}
Potions
 e - 3 potions of haste {unknown}
 f - 2 potions of curing {unknown}
 p - a potion of mutation {unknown}
 q - a potion of might {unknown}
Comestibles
 c - 6 rations
 h - 3 chunks of flesh


   Skills:
 - Level 2.4 Dodging
 - Level 2.4 Stealth
 + Level 5.0 Spellcasting
 + Level 5.5 Conjurations


You had 7 spell levels left.
You knew the following spells:

 Your Spells              Type           Power        Failure   Level  Hunger
a - Magic Dart            Conj           ####         1%          1    None
b - Searing Ray           Conj           ####..       1%          2    None
c - Dazzling Spray        Conj/Hex       ###...       11%         3    ##.....

Your spell library contained the following spells:

 Spells                   Type           Power        Failure   Level  Hunger
 Iskenderun's Mystic Bla  Conj           ####....     11%         4    ####...
 Force Lance              Conj/Tloc      ###.....     34%         4    ####...
 Fulminant Prism          Conj/Hex       ###.......   34%         4    ####...


Dungeon Overview and Level Annotations

Branches:
Dungeon (3/15)

Altars:
Okawaru


Message History

You feel yourself slow down.
The orc wizard gestures at you while chanting.
The magic dart hits you!
You closely miss the orc wizard.
The orc wizard is severely wounded.
The orc wizard hits you but does no damage.
The orc wizard barely misses you.
You completely miss the orc wizard.
The orc wizard is severely wounded.
The orc wizard hits you with a +0 dagger.
The orc wizard misses you.
You hit the orc wizard.
The orc wizard is severely wounded.
The orc wizard points at you and mumbles some strange words.
The magic dart hits you!
* * * LOW HITPOINT WARNING * * *
The orc priest invokes the aid of Beogh against you.
Beogh smites you!
Ouch! That really hurt!
You die...

#.#####.###########..
##...#.#..........#.#
#.........#######.#.#
..##.##.#.# #.#.#
..##.##.#.# #.#.######
..##.##.#.## #........#
...........# ##...).#.#
#.#######..#######.###.#
#.# #......o@..# ># #.#
#.########o# .# #.#
####.# .... .o #.#
#....# #.#..... #.#
#.#### #. .#...o #.# #.#
#. ...### #.# #.# #.
#.## #.# #.# #. .. #.#
#.#


You could see an orc priest and an orc wizard.

Vanquished Creatures
  3 adders
  An ooze (D:1)
  A worm (D:2)
  A dart slug (D:1)
  3 leopard geckos
  3 orcs (D:3)
  2 giant cockroaches
  10 goblins
  6 hobgoblins
  4 jackals
  7 bats
  5 frilled lizards
  2 kobolds (D:1)
  4 rats
52 creatures vanquished.

Notes
Turn   | Place    | Note
-------+----------+-------------------------------------------
     0 | D:1      | GizzardofKazz the Deep Elf Conjurer began the quest for the
                  | Orb.
     0 | D:1      | Reached XP level 1. HP: 10/10 MP: 6/6
   198 | D:1      | Reached XP level 2. HP: 15/15 MP: 3/8
   675 | D:1      | Reached skill level 5 in Conjurations
   675 | D:1      | Reached XP level 3. HP: 19/19 MP: 6/10
   952 | D:2      | Found an iron altar of Okawaru.
  1298 | D:2      | Found an iron altar of Okawaru.
  1459 | D:2      | Learned a level 2 spell: Searing Ray
  1463 | D:2      | Learned a level 3 spell: Dazzling Spray
  1575 | D:3      | Reached XP level 4. HP: 24/24 MP: 9/12
  2021 | D:3      | Reached skill level 5 in Spellcasting
  2034 | D:3      | Killed from afar by an orc priest

Vault maps used:
D:1:      tarquinn_simple_flora_water_d
D:2:      lemuel_crystal_altar, nrook_loot_triangle, okawaru_ov_weapons_minmay

Skill      XL: |  1  2  3  4 |
---------------+-------------+-----
Spellcasting   | 4 5 |  5.0
Conjurations   | 5 |  5.5
Dodging        | |  2.4
Stealth        | |  2.4

Action                   |  1- 3 |  4- 6 || total
-------------------------+-------+-------++-------
Melee: Club              |     6 |     4 ||    10
 Cast: Magic Dart        |    82 |    30 ||   112
  Use: Scroll            |     3 |     1 ||     4
  Eat: Chunk             |     2 |     1 ||     3
Armor: Robe              |     3 |     2 ||     5
Dodge: Dodged            |     8 |     9 ||    17

Table legend:
 A = Non-vault XP
 B = Vault XP
 C = Vault XP percentage of total XP
 D = Non-vault monster count
 E = Vault monster count
 F = Vault count percentage of total count
                 A         B        C        D         E       F
            +---------+---------+-------+---------+---------+-------
      Total |     137 |       0 |   0.0 |      52 |       0 |   0.0
            +---------+---------+-------+---------+---------+-------
        D:1 |      43 |       0 |   0.0 |      21 |       0 |   0.0
        D:2 |      53 |       0 |   0.0 |      17 |       0 |   0.0
        D:3 |      41 |       0 |   0.0 |      14 |       0 |   0.0
            +---------+---------+-------+---------+---------+-------
